 Dungeon Crawl Stone Soup version 0.29-a0-422-gafbd6decc1 (webtiles) character file.

Game seed: 3460248692751754622

11 jlumianski the Skirmisher (level 2, 0/24 HPs)
             Began as a Demonspawn Fighter on May 18, 2022.
             Slain by a giant cockroach (1 damage)
             ... on level 1 of the Dungeon.
             The game lasted 00:00:35 (59 turns).

jlumianski the Skirmisher (Demonspawn Fighter)        Turns: 59, Time: 00:00:35

Health: 0/24       AC:  6    Str: 16    XL:     2   Next: 13%
Magic:  2/2        EV:  8    Int:  9    God:
Gold:   0          SH:  4    Dex: 12    Spells: 1/1 levels left

rFire   . . .      SeeInvis .   a - +0 war axe
rCold   . . .      Faith    .   c - +0 buckler
rNeg    . . .      Spirit   .   b - +0 scale mail
rPois   +          Reflect  .   (helmet restricted)
rElec   .          Harm     .   (no cloak)
rCorr   .          Rampage  .   (no gloves)
Will    .....                   (no boots)
Stlth   ..........              (no amulet)
HPRegen 0.08/turn               e - ring of poison resistance
MPRegen 0.08/turn               (no ring)

@: no status effects
A: antennae 1
a: no special abilities


You were on level 1 of the Dungeon.
You visited 1 branch of the dungeon, and saw 1 of its levels.

Inventory:

Hand Weapons
 a - a +0 war axe (weapon)
Missiles
 f - 4 boomerangs (quivered)
Armour
 b - a +0 scale mail (worn)
 c - a +0 buckler (worn)
Jewellery
 e - a ring of poison resistance (left hand)
Potions
 d - a potion of might
 g - a potion of curing {unknown}


   Skills:
 + Level 3.3 Fighting
 + Level 1.8 Axes
 + Level 2.8 Armour
 + Level 0.1 Dodging
 + Level 2.9 Shields


You had one spell level left.
You didn't know any spells.
Your spell library was empty.

Dungeon Overview and Level Annotations

Branches:
Dungeon (1/15)

Altars:


Innate Abilities, Weirdness & Mutations

You have a pair of small antennae on your head.


Message History

You block the goblin's attack. The rat bites you but does no damage.
You barely miss the goblin. You barely miss the rat. The rat barely misses you.
The goblin closely misses you.
The kobold shouts!
You slash the goblin!
You kill the goblin!
You hit the rat.
You kill the rat!
You hit the endoplasm.
An endoplasm comes into view.
The endoplasm hits you.
* * * LOW HITPOINT WARNING * * *
You block the endoplasm's attack.
The endoplasm moves out of view.
You completely miss the endoplasm.
The endoplasm is severely wounded.
The endoplasm freezes you.
You are frozen.
* * * LOW HITPOINT WARNING * * *
You barely miss the endoplasm.
The endoplasm is severely wounded.
You closely miss the kobold. The kobold barely misses you.
The endoplasm hits you but does no damage.
You hit the endoplasm.
You kill the endoplasm!
You hit the kobold.
You kill the kobold!
A giant cockroach comes into view.
You have reached level 2!
Your demonic ancestry asserts itself...
A pair of antennae grows on your head! The endoplasm freezes you.
You are frozen.
* * * LOW HITPOINT WARNING * * *
You slash the endoplasm!
You kill the endoplasm!
The giant cockroach bites you but does no damage.
You barely miss the giant cockroach.
The giant cockroach bites you but does no damage.
The giant cockroach bites you.
You die...

# #...................#
#...........#########.#
.#........#.......#.# .
..........+...<...'.#
...
$.#.......#.......#.#
....#
#..#...##########.#
#...#))..#.##.......#.#
#.....).....+.>.>.>.+.#
#...###@.#..#.......###
...... #B.##.#########
..#..g...!.# ...
.........#.# #..#
.[.......... .##
..........#.. .......
... ..!.... ####
.......


You could see a giant cockroach.

Vanquished Creatures
  A dart slug (D:1)
  2 endoplasms (D:1)
  2 goblins (D:1)
  A quokka (D:1)
  A kobold (D:1)
  A rat (D:1)
8 creatures vanquished.

Notes
Turn   | Place    | Note
-------+----------+-------------------------------------------
     0 | D:1      | jlumianski the Demonspawn Fighter began the quest for the
                  | Orb.
     0 | D:1      | Reached XP level 1. HP: 18/18 MP: 1/1
    56 | D:1      | Gained mutation: You have a pair of small antennae on your
                  | head. [demonic ancestry]
    56 | D:1      | Reached XP level 2. HP: 2/24 MP: 2/2
    56 | D:1      | HP: 1/24 [frozen (1)]
    59 | D:1      | Slain by a giant cockroach

Illustrated notes

Levels and vault maps discovered:
D:1:      minmay_arrival_up_and_down, layout_rooms

Action                   || total
-------------------------++-------
Melee: War axe           ||    12
Armor: Scale mail        ||    12
Dodge: Dodged            ||     7
Block: Buckler           ||     3

Table legend: (Time is in decaauts)
 A = Elapsed time spent in this place.
 B = Non-inter-level travel time spent in this place.
 C = Inter-level travel time spent in this place.
 D = Time resting spent in this place.
 E = Time spent auto-exploring this place.
 F = Levels seen in this place.
 G = Mean time per level.
                   A        B        C        D        E       F      G
               +--------+--------+--------+--------+--------+-----+--------+
         Total |     63 |     63 |      0 |      0 |     14 |   1 |   63.0 |
       Dungeon |     63 |     63 |      0 |      0 |     14 |   1 |   63.0 |
               +--------+--------+--------+--------+--------+-----+--------+

Top non-repeatable levels by time:
     D:1: 63 daAuts
